 Dungeon Crawl Stone Soup version 0.21.1-1-g345015f (webtiles) character file.

93 stayasinic the Poker (level 4, 0/34 HPs)
             Began as a Merfolk Skald on May 25, 2018.
             Slain by an orc wizard
             ... wielding a +0 dagger
              (2 damage)
             ... on level 3 of the Dungeon.
             The game lasted 00:07:38 (1777 turns).

stayasinic the Poker (Merfolk Skald)                Turns: 1777, Time: 00:07:39

Health: 0/34       AC:  3    Str: 11    XL:     4   Next: 62%
Magic:  6/7        EV: 13    Int: 12    God:
Gold:   105        SH:  0    Dex: 14    Spells: 2/8 levels left

rFire    . . .     SeeInvis .   a - +0 spear
rCold    . . .     Gourm    .   (no shield)
rNeg     . . .     Faith    .   b - +0 leather armour
rPois    .         Spirit   .   (no helmet)
rElec    .         Reflect  .   (no cloak)
rCorr    .         Harm     .   (no gloves)
MR       .....                  (no boots)
Stlth    +.........             (no amulet)
HPRegen  0.11/turn              (no ring)
MPRegen  0.10/turn              (no ring)

@: infused
A: change form in water, swift swim, stealthy swim
a: no special abilities


You were on level 3 of the Dungeon.
You were not hungry.

You visited 1 branch of the dungeon, and saw 3 of its levels.

You collected 105 gold pieces.

Inventory:

Hand Weapons
 a - a +0 spear (weapon)
Armour
 b - a +0 leather armour (worn)
Scrolls
 e - a scroll of noise {unknown}
 g - a scroll of fear
 h - 4 scrolls of remove curse
 j - a scroll of blinking
 m - a scroll of teleportation
Potions
 f - a potion of haste
 i - 2 potions of heal wounds
 k - a potion of curing
Books
 c - a book of Battle

   Spells                             Type                      Level
   a - Infusion                       Charms                       1
   b - Shroud of Golubria             Charms/Translocation         2
   c - Song of Slaying                Charms                       2
   d - Spectral Weapon                Hexes/Charms                 3
   e - Regeneration                   Charms/Necromancy            3
Comestibles
 d - 5 rations
 l - a chunk of flesh


   Skills:
 + Level 2.9 Fighting
 + Level 3.8 Polearms
 - Level 1.1 Armour
 + Level 3.5 Dodging
 + Level 2.5 Spellcasting
 + Level 3.8 Charms


You had 2 spell levels left.
You knew the following spells:

 Your Spells              Type           Power        Failure   Level  Hunger
a - Infusion              Chrm           ##..         7%          1    #......
b - Shroud of Golubria    Chrm/Tloc      #.........   24%         2    ###....
c - Regeneration          Chrm/Necr      #.........   43%         3    ###....


Dungeon Overview and Level Annotations

Branches:
Dungeon (3/15)

Altars:


Message History

The puff of flame hits you!
You barely miss something. Something hits you.
You closely miss something. Something hits you but does no damage.
You hit something. You miss something. Something barely misses you.
Sorry, you're not good enough to have a special ability.
Casting: Infusion
Confirm with . or Enter, or press ? or * to list all spells.
You begin infusing your attacks with magical energy.
Something barely misses you.
You closely miss something. Something hits you.
* * * LOW HITPOINT WARNING * * *
You completely miss something. Something hits you.
* * * LOW HITPOINT WARNING * * *
You miss something. Something hits you.
* * * LOW HITPOINT WARNING * * *
You miss something. Something hits you.
* * * LOW HITPOINT WARNING * * *
You closely miss something. Something hits you.
You die...

######### #......<#
#.......# #.......#
#.......# ##.###### #.#
######..# #(#
#####.......#. #.#
#....@###.....
####.#######.####{...#
)........................
#....###########..#####..
..##.# #.## ####.# .. #.#
#.# #.# o. #.# #o#


There were no monsters in sight!

Vanquished Creatures
  A crimson imp (D:2)
  2 adders (D:2)
  3 dart slugs
  2 ball pythons
  6 bats
  A giant cockroach (D:2)
  3 goblins
  8 hobgoblins
  5 kobolds
  A quokka (D:2)
  A frilled lizard (D:2)
  2 rats (D:2)
35 creatures vanquished.

Notes
Turn   | Place    | Note
-------+----------+-------------------------------------------
     0 | D:1      | stayasinic the Merfolk Skald began the quest for the Orb.
     0 | D:1      | Reached XP level 1. HP: 16/16 MP: 3/3
   238 | D:1      | Reached XP level 2. HP: 16/23 MP: 5/5
   897 | D:2      | Reached skill level 1 in Armour
   918 | D:2      | Reached XP level 3. HP: 12/28 MP: 6/6
   947 | D:2      | HP: 1/28 [crimson imp (1)]
   956 | D:2      | Reached XP level 4. HP: 15/34 MP: 7/7
  1029 | D:2      | Learned a level 2 spell: Shroud of Golubria
  1033 | D:2      | Learned a level 3 spell: Regeneration
  1691 | D:3      | Noticed an ogre
  1777 | D:3      | Slain by an orc wizard

Skill      XL: |  1  2 |
---------------+-------+-----
Dodging        | 3 |  3.5
Armour         | 1 |  1.1
Fighting       | |  2.9
Polearms       | |  3.8
Spellcasting   | |  2.5
Charms         | |  3.8

Action                   |  1- 3 |  4- 6 || total
-------------------------+-------+-------++-------
Melee: Spear             |   104 |    76 ||   180
 Cast: Infusion          |       |     2 ||     2
  Use: Potion            |     4 |       ||     4
       Scroll            |       |     5 ||     5
 Stab: Sleeping          |     1 |       ||     1
       Invisible         |     1 |       ||     1
  Eat: Chunk             |       |     3 ||     3
Armor: Leather armour    |    15 |     9 ||    24
Dodge: Dodged            |    52 |    37 ||    89
